 Dungeon Crawl Stone Soup version 0.18-a0-888-gdb73dea (webtiles) character file.

153842 4thArraOfDagon the Executioner (level 16, -5/139 HPs)
             Began as a Hill Orc Gladiator on Dec 22, 2015.
             Was the Champion of Makhleb.
             Slain by the Royal Jelly (8 damage)
             ... on level 6 of the Pits of Slime on Dec 23, 2015.
             The game lasted 01:46:06 (12315 turns).

4thArraOfDagon the Executioner (HOGl)              Turns: 12315, Time: 01:46:06

Health: -5/139     AC: 22    Str: 21    XL:     16   Next: 97%
Magic:  20/23      EV: 13    Int: 16    God:    Makhleb [******]
Gold:   738        SH:  0    Dex: 10    Spells: 4 memorised, 11 levels left

rFire  + . .     SeeInvis .     c - +5 executioner's axe (freeze)
rCold  + . .     Gourm    .     T - quicksilver dragon armour
rNeg   . . .     Faith    .     (shield currently unavailable)
rPois  +         Spirit   .     (helmet restricted)
rElec  +         Dismiss  .     L - +1 cloak
rCorr  +         Reflect  .     (no gloves)
SustAt .         Harm     .     Q - +2 pair of boots {Stlth+}
MR     ++...                    y - amulet of rage
Stlth  +.........               O - +6 ring of protection
                                F - ring of wizardry

@: brilliant, resistant, empathic, corroded equipment, very slightly
contaminated, regenerating (expiring), hasted, very quick, very resistant to
hostile enchantments, very unstealthy
A: horns 1, iridescent scales 1, dopey 1, evolution 1
a: Minor Destruction, Lesser Servant of Makhleb, Major Destruction, Greater
Servant of Makhleb, Renounce Religion, Evoke Berserk Rage
}: 2/15 runes: barnacled, gossamer


You were on level 6 of the Pits of Slime.
You worshipped Makhleb.
Makhleb was exalted by your worship.
You were full.

You visited 7 branches of the dungeon, and saw 38 of its levels.
You also visited: Labyrinth, Sewer, Bailey, Ice Cave and Volcano.

You collected 1821 gold pieces.
You spent 1083 gold pieces at shops.

Inventory:

Hand Weapons
 c - a +5 executioner's axe of freezing (weapon)
 u - the +3 hand axe "Zyjobe" {flame, rElec rF- MR+}
   (You found it on level 1 of the Orcish Mines)

   It has been specially enchanted to burn those struck by it, causing extra
   injury to most foes and up to half again as much damage against particularly
   susceptible opponents.
   Big, fiery blades are also staple armaments of hydra-hunters.
   It makes you vulnerable to fire.
   It insulates you from electricity.
   It affects your resistance to hostile enchantments.
 N - a +1 broad axe of flaming
Missiles
 k - 5 curare-tipped needles
 l - 6 throwing nets (quivered)
Armour
 L - a +1 cloak (worn)
 Q - a +2 pair of boots of stealth (worn)
 T - a quicksilver dragon armour (worn)
Rods
 S - a -1 rod of shadows (10/10)
   (You found it in a bailey)
Jewellery
 y - an amulet of rage (around neck)
 A - a +3 amulet of reflection
 E - an uncursed ring of teleportation
 F - a ring of wizardry (left hand)
 K - an uncursed ring of see invisible
 O - a +6 ring of protection (right hand)
 Z - an uncursed ring of poison resistance
Wands
 i - a wand of polymorph (7/24)
 m - a wand of digging (2/24)
 z - a wand of paralysis (12/24)
 B - a wand of teleportation (6/9)
 G - a wand of paralysis (4/24)
 R - a wand of fire (5/15)
 U - a wand of disintegration (3/24)
 V - a wand of polymorph (8/24)
Scrolls
 a - a scroll of vulnerability
 b - 6 scrolls of enchant armour
 d - 5 scrolls of magic mapping
 o - 3 scrolls of teleportation
 p - 3 scrolls of fog
 v - 2 scrolls of remove curse
 w - 5 scrolls of blinking
 H - a scroll of brand weapon {unknown}
 J - a scroll of recharging
Potions
 e - a potion of heal wounds
 g - 3 potions of flight
 j - a potion of cure mutation
 r - a potion of haste
 s - 8 potions of magic
 t - a potion of curing
 x - 4 potions of brilliance
 M - 3 potions of ambrosia
 W - a potion of invisibility
Miscellaneous
 h - a box of beasts {used: 1}
 D - a legendary deck of wonders {drawn: 3}
 X - a plain deck of summoning {drawn: 3}
 Y - a fan of gales
Comestibles
 f - 8 bread rations
 n - 2 slices of pizza
 q - 4 meat rations
 C - 10 fruits


   Skills:
 + Level 12.1 Fighting
 * Level 21.9 Axes
 - Level 1.7 Throwing
 - Level 12.1 Armour
 * Level 6.7 Dodging
 - Level 3.0 Spellcasting
 - Level 7.7 Hexes
 - Level 5.5 Charms
 - Level 6.6 Necromancy
 - Level 10.5 Invocations
 - Level 9.0 Evocations


You had 11 spell levels left.
You knew the following spells:

 Your Spells              Type           Power        Failure   Level  Hunger
a - Cure Poison           Pois           ##........   6%          2    ##.....
b - Regeneration          Chrm/Necr      ####......   1%          3    ###....
c - Spectral Weapon       Hex/Chrm       ####....     1%          3    ###....
d - Shroud of Golubria    Chrm/Tloc      ###.......   1%          2    ##.....


Dungeon Overview and Level Annotations

Branches:
Dungeon (13/15)            Temple (1/1) D:4            Lair (8/8) D:10
 Shoals (4/4) Lair:5       Spider (4/4) Lair:3        Slime (6/6) Lair:7
    Orc (2/2) D:12            Elf (0/3) Orc:2        Vaults (0/5) D:13

Altars:
Ashenzari
Dithmenos
Elyvilon
Gozag
Makhleb
Nemelex Xobeh
Okawaru
Ru
Sif Muna
The Shining One

Shops:
D:6 }   D:7 (   Orc:2 (*%=

Annotations:
D:8 Grum, Maurice
D:13 Rupert
Lair:2 exclusions: 2 upstairs and 1 more exclusion
Shoals:1 Nikola
Shoals:3 1 runed door
Slime:6 Royal Jelly


Innate Abilities, Weirdness & Mutations

You have a pair of small horns on your head.
You are partially covered in iridescent scales (AC +4).
You are dopey. (Int -2)
You evolve.


Message History

The Royal Jelly shudders.
The Royal Jelly spits out another jelly.
Your mature firebat beast hits the acid blob.
Your mature firebat beast is burned by acid!
The acid blob hits you but does no damage.
Unknown command.
Unknown command.
Read which item? (? for menu, Esc to quit)
Okay, then.
Evoke which item? (* to show all) (? for menu, Esc to quit)
Okay, then.
Evoke which item? (* to show all) (? for menu, Esc to quit)
You draw a card...
It is Dowsing.
You feel aware of your surroundings.
You sensed 1 altar.
You sense traps nearby.
You sense items nearby.
You feel telepathic! The Royal Jelly hits you!!
* * * LOW HITPOINT WARNING * * *
You are splashed with acid!
The acid burns!
You resist.
* * * LOW HITPOINT WARNING * * *
The Royal Jelly hits you!
You die...

,,,,,,,,,,,,,,,,,,*****,*****,,,,
,,,,,,,.......,,J,**∆**,,**∆***,,
,,,,,,.........,***∆∆∆**,*∆∆∆**,,
,,,,,..........***∆∆∆**,,**∆∆∆**,
,,,,..........#**∆∆∆∆∆*,**∆∆∆∆∆**
..............# *∆∆∆∆**,,**∆∆∆∆**
..............# **∆∆*∆**,*∆*∆∆***
..........G...########*,,********
..............JJ@#JJ.#,,_,*,,,*,,
..............J#HJJ#......,J*,,,*
..............######*##..#*******
...............#**∆∆*∆**,#∆*∆∆***
...............#*∆∆∆∆**,,**∆∆∆∆**
...............#*∆∆∆∆∆*,**∆∆∆∆∆**
...............##*∆∆∆**,,**∆∆∆***
................##*∆∆∆**,*∆∆∆**,,
#................##*∆**,,**∆**,,,


You could see the Royal Jelly, 3 acid blobs, a shining eye, a death ooze and a
friendly mature firebat beast.

Vanquished Creatures
  5 acid blobs
  Kirke (Spider:1)
  The ghost of Duffy the Spry, an adept HEGl of Cheibriados (Shoals:2)
  2 azure jellies (Slime:5)
  A ghost moth (Spider:4)
  2 emperor scorpions (Spider:4)
  A spark wasp (Spider:4)
  2 merfolk javelineers (Shoals:4)
  A minotaur (Lab)
  3 merfolk impalers
  An entropy weaver (Spider:1)
  The ghost of dvd the Slinger, a journeyman DDAr of Pakellas (Lair:2)
  3 great orbs of eyes
  4 hydras
  3 merfolk aquamancers
  3 death yaks (Lair:7)
  4 orc high priests
  The ghost of tof the Protected, a novice MiMo of Elyvilon (Bailey)
  A gelid demonspawn (Lair:6)
  6 sea snakes
  An unseen horror (D:12)
  2 harpies (Shoals:4)
  3 orc knights (Orc:2)
  A shining eye (Slime:2)
  A cyclops (Shoals:3)
  A giant orange brain (Slime:5)
  8 hornets
  3 deep elf magi
  10 griffons
  A faun (Shoals:2)
  16 wolf spiders
  8 manticores
  9 orb spiders
  4 orc sorcerers (Orc:2)
  4 black mambas
  6 water nymphs
  A moth of wrath (Spider:1)
  2 eyes of devastation
  3 torpor snails
  5 spiny frogs
  2 fire drakes
  4 komodo dragons
  3 trolls
  An ice devil (IceCv)
  A spriggan druid (Lair:8)
  6 demonic crawlers
  3 polar bears (Lair:8)
  12 merfolk
  17 jumping spiders
  A wind drake (Shoals:3)
  2 two-headed ogres
  3 snapping turtles
  21 slime creatures
  2 trapdoor spiders (Spider:4)
  25 yaks
  14 tarantellas
  15 spriggans
  A wyvern (D:11)
  5 water elementals
  25 redbacks
  4 hogs
  2 shadows (Lab)
  3 fire bats (Lair:4)
  A hungry ghost (D:11)
  A human (D:12)
  5 hippogriffs
  8 water moccasins
  3 porcupines
  A warg (Orc:1)
  25 wolves
  4 ogres
  6 black bears
  2 phantoms
  An eye of draining (Slime:1)
  2 centaurs
  15 orc warriors
  8 wasps
  10 crocodiles
  9 ice beasts
  13 giant frogs
  A scorpion (D:11)
  A wight (D:12)
  8 killer bees
  4 electric eels
  A crimson imp (D:7)
  2 hounds
  2 giant frog skeletons
  2 centaur skeletons
  9 orc priests
  19 jellies
  3 worker ants
  2 giant frog zombies
  Ijyb (D:2)
  5 iguanas
  14 orc wizards
  10 sheep
  A hound zombie (D:6)
  A worker ant zombie (D:4)
  20 adders
  4 gnolls
  31 river rats
  4 shadow imps
  8 white imps (IceCv)
  3 ufetubi (IceCv)
  4 oozes
  A worm (D:3)
  An adder skeleton (D:4)
  42 orcs
  A giant cockroach (D:2)
  4 hobgoblins
  2 jackals (D:5)
  14 kobolds
  2 quokkas
  13 ball pythons
  5 bats
  A giant gecko skeleton (D:5)
  3 giant newts
  6 goblins
  22 rats
  2 fungi (Lair:8)
  2 plants
702 creatures vanquished.

Vanquished Creatures (collateral kills)
  2 acid blobs (Slime:6)
  An azure jelly (Slime:6)
  An orc warlord (Bailey)
  2 emperor scorpions (Spider:4)
  A merfolk javelineer (Shoals:4)
  A great orb of eyes (Slime:6)
  A merfolk aquamancer (Shoals:4)
  The ghost of Voda the Nimble, a journeyman FeCK of Xom (D:12)
  Erica (Orc:1)
  An orc knight (Orc:2)
  A harpy (Shoals:4)
  2 hill giants
  4 wolf spiders
  An orb spider (Spider:4)
  A griffon (Shoals:3)
  The ghost of Chiseanne the Covert, a novice SpAs (Bailey)
  A shining eye (Slime:1)
  An orc sorcerer (Orc:1)
  2 sirens
  2 jumping spiders (Spider:1)
  A merfolk (Shoals:3)
  3 demonic crawlers
  2 ice devils (IceCv)
  4 slime creatures
  A redback (Spider:1)
  3 yaks (D:9)
  2 hippogriffs
  3 orc warriors
  A centaur (D:11)
  A gnoll sergeant (D:11)
  3 killer bees (D:12)
  A jelly (Slime:6)
  2 orc wizards
  An iguana (D:11)
  6 gnolls (D:11)
  5 orcs
  2 goblins (Bailey)
  2 kobolds (Bailey)
71 creatures vanquished.

Vanquished Creatures (others)
  3 humans (Spider:1)
  A jelly (Slime:1)
  2 ufetubi (IceCv)
  A white imp (IceCv)
  An orc (D:9)
  A kobold (Bailey)
  5 fungi
  16 plants
  3 spectral weapons
33 creatures vanquished.

Grand Total: 806 creatures vanquished

Notes
Turn   | Place    | Note
--------------------------------------------------------------
     0 | D:1      | 4thArraOfDagon the Hill Orc Gladiator began the quest for the Orb.
     0 | D:1      | Reached XP level 1. HP: 18/18 MP: 1/1
    43 | D:2      | Found a shadowy altar of Dithmenos.
    83 | D:2      | Noticed Ijyb
   109 | D:2      | Killed Ijyb
   109 | D:2      | Reached skill level 5 in Axes
   109 | D:2      | Reached XP level 2. HP: 25/25 MP: 2/2
   109 | D:2      | Reached XP level 3. HP: 30/30 MP: 3/3
   178 | D:2      | Found an iron altar of Okawaru.
   209 | D:2      | 4thArraOfDagon: and now
   209 | D:2      | 4thArraOfDagon: i have lags
   222 | D:2      | Reached skill level 1 in Armour
   347 | D:2      | Kolbur: hey
   375 | D:2      | Kolbur: i have an amazing komo now
   377 | D:2      | 4thArraOfDagon: hi
   416 | D:3      | 4thArraOfDagon: cool :)
   416 | D:3      | Kolbur: statue form soon ready in lair:8
   416 | D:3      | 4thArraOfDagon: let me see
   417 | D:3      | Upgraded the game from 0.18-a0-884-gb6cfd45 to 0.18-a0-888-gdb73dea
   428 | D:3      | Reached XP level 4. HP: 38/38 MP: 4/4
   543 | D:4      | Found a staircase to the Ecumenical Temple.
   546 | D:5      | Entered Level 5 of the Dungeon
   546 | D:5      | Noticed a phantom
   572 | D:4      | Reached skill level 6 in Axes
   573 | D:4      | Reached XP level 5. HP: 32/45 MP: 5/5
   595 | Temple   | Entered the Ecumenical Temple
   647 | Temple   | Became a worshipper of Makhleb the Destroyer
   723 | D:3      | Found a glowing drain.
   825 | Sewer    | Entered a sewer
   958 | Sewer    | Reached skill level 1 in Invocations
  1028 | Sewer    | Reached * piety under Makhleb
  1051 | Sewer    | Reached XP level 6. HP: 39/52 MP: 5/7
  1124 | Sewer    | Reached skill level 7 in Axes
  1213 | Sewer    | Reached ** piety under Makhleb
  1471 | Sewer    | Reached XP level 7. HP: 47/60 MP: 8/8
  1606 | D:1      | Reached skill level 8 in Axes
  1913 | D:4      | Found a glowing golden altar of the Shining One.
  1927 | D:4      | You fall through a shaft for 2 floors!
  1928 | D:6      | Yermak: I prefer to identify single groups of potions first
  1957 | D:6      | Yermak: sometimes I get experience, and this is super useful
  1957 | D:6      | 4thArraOfDagon: since i roll poison very often in big stacks
  1957 | D:6      | Yermak: and in case of danger you always can quaff the biggest group
  1957 | D:6      | 4thArraOfDagon: i would rather prefer to id curing asap
  1957 | D:6      | 4thArraOfDagon: i roll poison man
  1957 | D:6      | 4thArraOfDagon: cant help that :(
  1963 | D:6      | Found Xidor's Gadget Shop.
  1991 | D:5      | Reached *** piety under Makhleb
  2027 | D:5      | Yermak: poison in big stack is often found near orc entrance. Those vaults are popular. Just pay attention to such special vaults and inscribe those stacks, and you'll be fine
  2036 | D:5      | Reached skill level 5 in Fighting
  2184 | D:6      | Found an opulent altar of Gozag.
  2316 | D:5      | Reached skill level 9 in Axes
  2316 | D:5      | Reached XP level 8. HP: 46/68 MP: 11/11
  2474 | D:7      | Found Suript's Weapon Emporium.
  2545 | D:8      | Noticed Maurice
  2687 | D:8      | Yermak: you may want to explore D:7 more carefully, if there is one shop, good chance you can find another
  2741 | D:9      | Noticed a deep elf mage
  2756 | D:9      | Reached skill level 5 in Invocations
  2766 | D:9      | Reached skill level 10 in Axes
  2774 | D:9      | Reached skill level 5 in Armour
  2777 | D:9      | Reached XP level 9. HP: 38/78 MP: 13/13
  2823 | D:8      | Found a shattered altar of Ashenzari.
  2857 | D:8      | Reached skill level 11 in Axes
  2857 | D:8      | Reached **** piety under Makhleb
  2963 | D:8      | Noticed Grum
  3003 | D:9      | 4thArraOfDagon: red drain
  3003 | D:9      | 4thArraOfDagon: :(
  3018 | D:9      | 4thArraOfDagon: wasted 4 heal wounds
  3018 | D:9      | 4thArraOfDagon: 3 recharging
  3018 | D:9      | Yermak: time to explore D:7 for mor shops?
  3018 | D:9      | 4thArraOfDagon: and gained red drain
  3018 | D:9      | 4thArraOfDagon: fair trade
  3035 | D:7      | 4thArraOfDagon: im quite sure there are no shops there
  3035 | D:7      | 4thArraOfDagon: whats the chance for finding more shops if you find one?
  3035 | D:7      | 4thArraOfDagon: 20%?
  3124 | D:9      | Yermak: Shops can be put as single, and be put in series
  3131 | D:10     | Entered Level 10 of the Dungeon
  3142 | D:10     | 4thArraOfDagon: i know
  3142 | D:10     | Yermak: I dunno the exact chance
  3237 | D:9      | Yermak: imo, it's worth considering exploring instead of swinging for heal. Takes more time but also you get some loot
  3264 | D:9      | Killed a deep elf mage
  3275 | D:9      | Reached skill level 12 in Axes
  3295 | D:9      | Found a sacrificial altar of Ru.
  3329 | D:9      | Reached XP level 10. HP: 42/86 MP: 15/15
  3401 | D:9      | Noticed a deep elf mage
  3496 | D:8      | 4thArraOfDagon: for pace like this i need some extra anyway
  3496 | D:8      | 4thArraOfDagon: like +7 battleaxe ( rf+, +3slay, -2dex)
  3496 | D:8      | 4thArraOfDagon: or +10plate
  3496 | D:8      | 4thArraOfDagon: to recompensate lack of exp :(
  3514 | D:9      | 4thArraOfDagon: i died too many times
  3514 | D:9      | 4thArraOfDagon: and learned that
  3573 | D:9      | 4thArraOfDagon: time to acq weapon
  3704 | D:10     | Found a sacrificial altar of Ru.
  3744 | D:10     | 4thArraOfDagon: bad luck in teles
  3750 | D:10     | Noticed a hill giant
  3923 | D:11     | im dead
  3989 | D:11     | Reached ***** piety under Makhleb
  4240 | D:12     | Reached skill level 13 in Axes
  4297 | D:12     | Found a staircase to the Orcish Mines.
  4393 | D:12     | Noticed Voda's ghost (journeyman FeCK)
  4421 | D:11     | Noticed an eight-headed hydra
  4444 | D:11     | Killed an eight-headed hydra
  4589 | D:11     | Noticed a manticore
  4626 | D:11     | Noticed a hill giant
  4636 | D:11     | Killed a hill giant
  4720 | D:13     | Found a gate to the Vaults.
  4720 | D:13     | Noticed Rupert
  4720 | D:13     | Noticed a skeletal warrior
  4720 | D:13     | Noticed an orc knight
  4720 | D:13     | Noticed an orc knight
  4720 | D:13     | Noticed a hill giant
  4750 | D:12     | Noticed a six-headed hydra
  4771 | D:12     | Yermak: in 0.18 you can longer don't care about taking another stair on this Vaults entrance
  4803 | D:12     | Reached XP level 11. HP: 93/97 MP: 17/17
  4836 | D:13     | Noticed a skeletal warrior
  4836 | D:13     | Noticed a ghoul
  4878 | D:12     | Reached skill level 14 in Axes
  4906 | D:12     | Noticed a hill giant
  4998 | D:12     | Noticed an unseen horror
  5017 | D:12     | Killed an unseen horror
  5107 | D:12     | Killed a hill giant
  5124 | D:12     | Killed Voda's ghost
  5215 | Orc:1    | Entered Level 1 of the Orcish Mines
  5215 | Orc:1    | Found a flagged portal.
  5224 | Bailey   | Entered a bailey
  5249 | Bailey   | Noticed an orc warlord
  5275 | Bailey   | Noticed tof's ghost (novice MiMo)
  5292 | Bailey   | Yermak: I like this bailey
  5316 | Bailey   | Killed tof's ghost
  5327 | Bailey   | Noticed Chiseanne's ghost (novice SpAs)
  5331 | Bailey   | Yermak: lol
  5346 | Bailey   | Yermak: ghost graveyard
  5353 | Bailey   | Killed Chiseanne's ghost
  5365 | Bailey   | Yermak: the warlord is behind runed door
  5389 | Bailey   | Yermak: look at the potion!
  5393 | Bailey   | Yermak: Check if you havew it
  5411 | Bailey   | Yermak: it's one of benemut/curemut/experience
  5416 | Bailey   | Found a runed gate.
  5417 | Bailey   | Found a runed gate.
  5418 | Bailey   | Found a runed gate.
  5425 | Bailey   | Yermak: the one that's behind the glass
  5447 | Bailey   | Yermak: you'd better to clear the other room before engaging warlord
  5469 | Bailey   | Killed an orc warlord
  5535 | Bailey   | Identified a -1 rod of shadows (10/10) (You found it in a bailey)
  5549 | Bailey   | Yermak: potions!
  5557 | Bailey   | 4thArraOfDagon: fizzy inky!
  5557 | Bailey   | 4thArraOfDagon: yay
  5557 | Bailey   | Yermak: quaff?
  5557 | Bailey   | 4thArraOfDagon: would you quaff?
  5557 | Bailey   | Yermak: yeah
  5557 | Bailey   | Gained mutation: You are partially covered in iridescent scales (AC +4). [potion of beneficial mutation]
  5558 | Bailey   | Gained mutation: You evolve. [potion of beneficial mutation]
  5559 | Bailey   | Yermak: ncie
  5640 | Orc:1    | Got a scorched hand axe
  5641 | Orc:1    | Identified the +3 hand axe "Zyjobe" {flame, rElec rF- MR+} (You found it on level 1 of the Orcish Mines)
  5642 | Orc:1    | meh
  5721 | Orc:1    | Noticed Erica
  5730 | Orc:2    | Entered Level 2 of the Orcish Mines
  5739 | Orc:2    | Found a labyrinth entrance.
  5748 | Lab      | Entered a labyrinth
  5912 | Lab      | Reached skill level 15 in Axes
  5922 | Lab      | Noticed a minotaur
  5933 | Lab      | Killed a minotaur
  5933 | Lab      | Reached skill level 10 in Fighting
  5933 | Lab      | Reached skill level 1 in Evocations
  5936 | Lab      | Got a crystal falchion {flame}
  5943 | Lab      | Yermak: cool
  5945 | Orc:2    | 4thArraOfDagon: not bad
  5982 | Orc:2    | Found a frozen archway.
  5985 | Orc:2    | Reached skill level 10 in Invocations
  6016 | IceCv    | Entered an ice cave
  6206 | Orc:2    | 4thArraOfDagon: brb
  6279 | Orc:1    | Noticed an orc high priest
  6298 | Orc:1    | Reached XP level 12. HP: 97/106 MP: 19/19
  6324 | Orc:1    | Killed an orc high priest
  6383 | Orc:1    | Killed Erica
  6527 | Orc:2    | Found a staircase to the Elven Halls.
  6548 | Orc:2    | Reached skill level 16 in Axes
  6598 | Orc:2    | Noticed an orc high priest
  6627 | Orc:2    | Killed an orc high priest
  6660 | Orc:2    | Reached skill level 10 in Armour
  6662 | Orc:2    | Noticed an orc high priest
  6674 | Orc:2    | Killed an orc high priest
  6694 | Orc:2    | Reached skill level 17 in Axes
  6709 | Orc:2    | Noticed an orc high priest
  6721 | Orc:2    | Killed an orc high priest
  6733 | Orc:2    | Found Wooluh's Antique Weapon Shoppe.
  6733 | Orc:2    | Found Raqyor's Assorted Antiques.
  6735 | Orc:2    | Found Ocarrog's Food Shoppe.
  6735 | Orc:2    | Found Epibyja's Jewellery Boutique.
  6748 | Orc:2    | Bought a cursed ring of teleportation for 217 gold pieces
  6748 | Orc:2    | Bought an uncursed ring of poison resistance for 300 gold pieces
  6750 | Orc:2    | Bought a fuming pink potion for 34 gold pieces
  6750 | Orc:2    | Bought a large bone ring for 190 gold pieces
  6750 | Orc:2    | Bought a dented fluorescent amulet for 190 gold pieces
  6750 | Orc:2    | Yermak: I guess you got the axe in the cave
  6750 | Orc:2    | 4thArraOfDagon: yea
  6750 | Orc:2    | 4thArraOfDagon: you didnt see ?
  6750 | Orc:2    | Bought a sharpened silver wand for 152 gold pieces
  6750 | Orc:2    | Turgon: argh
  6767 | Orc:2    | Yermak: I alt-tab here and there
  6795 | Orc:2    | Turgon: Drop empty poly?
  6796 | Orc:2    | Turgon: ok
  6851 | D:10     | Found a staircase to the Lair.
  6873 | Lair:1   | Entered Level 1 of the Lair of Beasts
  6943 | Lair:2   | Turgon: http://crawl.xtahua.com/crawl/morgue/brucemayne/morgue-brucemayne-20151025-165655.txt
  6970 | Lair:3   | Turgon: You think about this , right?
  6970 | Lair:3   | Turgon: 32.4 k
  6970 | Lair:3   | 4thArraOfDagon: ohh
  6970 | Lair:3   | 4thArraOfDagon: i really thought its better
  6970 | Lair:3   | Turgon: Me too
  6978 | Lair:3   | Reached XP level 13. HP: 114/114 MP: 20/20
  7021 | Lair:3   | Turgon: What a weapon for entering lair!!
  7041 | Lair:2   | Noticed dvd's ghost (journeyman DDAr)
  7052 | Lair:2   | Killed dvd's ghost
  7112 | Lair:4   | Turgon: And there's maybe your axe of flaming
  7112 | Lair:4   | Turgon: to deal with hydras
  7112 | Lair:4   | Turgon: if you can get the entrance
  7118 | Lair:4   | Reached skill level 5 in Evocations
  7175 | Lair:4   | Reached skill level 18 in Axes
  7371 | Lair:4   | Found a dark tunnel.
  7378 | Volcano  | Entered a volcano
  7463 | Volcano  | Turgon: War axe of killing hydras
  7556 | Lair:5   | Found a staircase to the Shoals.
  7601 | Lair:5   | Turgon: wow
  7623 | Lair:6   | 4thArraOfDagon: i cant complain!
  7623 | Lair:6   | 4thArraOfDagon: ;)
  7623 | Lair:6   | Turgon: So what?
  7625 | Lair:6   | Turgon: < 25 k?
  7632 | Lair:6   | Learned a level 2 spell: Cure Poison
  7655 | Lair:6   | Reached ****** piety under Makhleb
  7673 | Lair:6   | 4thArraOfDagon: it has potential yes
  7691 | Lair:6   | 4thArraOfDagon: im still missing alot
  7691 | Lair:6   | Turgon: rF+
  7691 | Lair:6   | 4thArraOfDagon: spells, rf,rc,rn
  7691 | Lair:6   | 4thArraOfDagon: got nothing
  7776 | Lair:7   | Found a staircase to the Slime Pits.
  7948 | Lair:8   | Entered Level 8 of the Lair of Beasts
  7995 | Lair:8   | Gained mutation: You have a pair of small horns on your head. [evolution]
  8049 | Lair:8   | Turgon: And MR
  8140 | Lair:8   | Reached skill level 19 in Axes
  8175 | Lair:8   | Reached XP level 14. HP: 122/122 MP: 21/21
  8232 | Lair:8   | Drew Focus: Str increased to 20, Dex decreased to 10
  8436 | Lair:8   | Turgon: Cure mut, nice
  8647 | Lair:6   | Turgon: Do you already know which lair branch you have besides shoals and slime?
  8757 | Lair:4   | 4thArraOfDagon: nope
  8810 | Shoals:1 | Entered Level 1 of the Shoals
  8822 | Shoals:1 | Turgon: Careful, you don't have MR
  8879 | Shoals:1 | Learned a level 3 spell: Regeneration
  8883 | Shoals:1 | Learned a level 3 spell: Spectral Weapon
  8883 | Shoals:1 | Turgon: You know they can para you, right?
  8921 | Shoals:1 | Noticed Nikola
  8939 | Shoals:1 | 4thArraOfDagon: meh
  8939 | Shoals:1 | 4thArraOfDagon: not even glowing cloak
  8957 | Shoals:2 | Reached skill level 1 in Charms
  8957 | Shoals:2 | Reached skill level 1 in Necromancy
  8971 | Shoals:2 | Learned a level 2 spell: Shroud of Golubria
  9021 | Shoals:2 | Turgon: Imagine he has a super cloak and you are playing octopode
  9064 | Shoals:3 | Got a translucent ring mail
  9157 | Shoals:3 | Reached skill level 20 in Axes
  9157 | Shoals:3 | Reached skill level 1 in Spellcasting
  9214 | Shoals:2 | Noticed Duffy's ghost (adept HEGl)
  9263 | Shoals:2 | Killed Duffy's ghost
  9272 | Shoals:2 | Turgon: Tough one
  9339 | Shoals:3 | Found a runed door.
  9390 | Shoals:3 | Identified the cursed +1 ring mail "Enafim" {rF+ rC+ MR+ Str+3 Int-2} (You found it on level 3 of the Shoals)
  9391 | Shoals:3 | 4thArraOfDagon: haha what an armour
  9433 | Shoals:4 | Entered Level 4 of the Shoals
  9681 | Shoals:4 | Reached XP level 15. HP: 128/128 MP: 22/22
  9748 | Shoals:4 | Reached skill level 5 in Necromancy
  9768 | Shoals:4 | Identified the Collected Works on Beguiling (You found it on level 4 of the Shoals)
  9844 | Shoals:4 | Reached skill level 5 in Charms
  9898 | Shoals:4 | Got a barnacled rune of Zot
  9935 | Shoals:2 | Reached skill level 1 in Hexes
  9951 | Shoals:2 | Noticed a kraken
 10103 | Lair:3   | 4thArraOfDagon: spider
 10113 | Lair:3   | Found a hole to the Spider Nest.
 10131 | Spider:1 | Entered Level 1 of the Spider Nest
 10301 | Spider:1 | Noticed Kirke
 10323 | Spider:1 | Killed Kirke
 10323 | Spider:1 | Reached skill level 5 in Hexes
 10555 | Spider:1 | 4thArraOfDagon: uhhh
 10555 | Spider:1 | 4thArraOfDagon: this is extremly bad level
 10555 | Spider:1 | 4thArraOfDagon: i should be already at s:4
 10555 | Spider:1 | 4thArraOfDagon: :(
 10555 | Spider:1 | Turgon: Well, telep out!
 10557 | Spider:1 | Turgon: No cTele spell?
 10557 | Spider:1 | Turgon: ;-)
 10557 | Spider:1 | 4thArraOfDagon: wasted 500turns
 10557 | Spider:1 | 4thArraOfDagon: im dead :(
 10562 | Spider:1 | Kolbur: hey
 10578 | Spider:1 | Kolbur: what the hell is this lvl?
 10628 | Spider:2 | Kolbur: i found the lair branches in my game fairly quickly
 10649 | Spider:3 | Kolbur: but now snake/shoals without MR :/
 10657 | Spider:3 | 4thArraOfDagon: i jave mr from armour!
 10657 | Spider:3 | 4thArraOfDagon: lol
 10659 | Spider:3 | 4thArraOfDagon: i bbs
 10659 | Spider:3 | Turgon: 4thArra entered shoals without any MR
 10667 | Spider:4 | Entered Level 4 of the Spider Nest
 10769 | Spider:4 | Reached XP level 16. HP: 136/136 MP: 23/23
 11205 | Spider:4 | Reached skill level 21 in Axes
 11302 | Spider:4 | uhh
 11338 | Spider:4 | Reached skill level 5 in Dodging
 11346 | Spider:4 | Got a gossamer rune of Zot
 11630 | Slime:1  | Entered Level 1 of the Pits of Slime
 11630 | Slime:1  | Noticed an acid blob
 11642 | Slime:1  | Killed an acid blob
 11757 | Slime:2  | Noticed an acid blob
 11826 | Slime:2  | Killed an acid blob
 11830 | Slime:1  | Gained mutation: You are dopey. (Int -2) [a shining eye]
 11973 | Slime:6  | Entered Level 6 of the Pits of Slime
 11988 | Slime:6  | Noticed an acid blob
 12006 | Slime:6  | Noticed an acid blob
 12069 | Slime:5  | Killed an acid blob
 12123 | Slime:5  | Killed an acid blob
 12182 | Slime:6  | Noticed an acid blob
 12196 | Slime:6  | Killed an acid blob
 12263 | Slime:6  | Noticed the Royal Jelly
 12275 | Slime:6  | Noticed an acid blob
 12281 | Slime:6  | Noticed an acid blob
 12283 | Slime:6  | Killed an acid blob
 12289 | Slime:6  | Killed an acid blob
 12311 | Slime:6  | Noticed an acid blob
 12312 | Slime:6  | Noticed an acid blob
 12314 | Slime:6  | Noticed an acid blob
 12315 | Slime:6  | HP: 6/139 [the Royal Jelly (29)]
 12315 | Slime:6  | Slain by the Royal Jelly

Vault maps used:
D:1:      saegor_arrival_simple_e
D:2:      grunt_dithmenos_smoke, lemuel_round_altar, uniq_iyjb
D:3:      first_bread, gup_sewer_entry_glass
D:4:      kennysheep_little_box, bloody_trog, minmay_temple_entry_mist,
          minmay_misc_feat_diagonals, uniq_natasha
D:5:      kennysheep_mini, amethyst_overflow_temple_binary
D:6:      zin_academy, cheibrodos_worm_habitat, basic_altar, dk_vineyard_3,
          kennysheep_windowed_goal
D:7:      kennysheep_steamy, lemuel_zombie_altar_kikubaaqudgha, serial_shops,
          nicolae_shop_waterfront, basic_altar, uniq_prince_ribbit1
D:8:      nicolae_overflow_hidden_temple, uniq_maurice, uniq_grum
D:9:      lemuel_round_altar
D:10:     lair_0_dummy, serial_ice, serial_ice_o, serial_ice_g, serial_ice_n,
          serial_ice_k, blue_anna_alchemist,
          hangedman_abyss_or_decor_lesser_grid, grunt_decor_arrowhead,
          nicolae_ru_the_path_less_chosen
D:11:     disabler_island
D:12:     orc_0_dummy
D:13:     david_vaults_3, serial_undead, serial_undead_a, serial_undead_f,
          serial_undead_f, serial_undead_b
Temple:   minmay_temple_curvy_8
Lair:1:   guppyfry_lair_drakes, grunt_megastairs_4, bh_autumn_forest_stairs
Lair:3:   dummy_spider_entry, eino_small_chamber_without_monster,
          infiniplex_staircase_pool, lemuel_fruit_tree
Lair:4:   nicolae_volcano_entry_batcave, grunt_forest_large_clearing_hut
Lair:5:   elwin_shoals_entry_rocks
Lair:7:   nicolae_slime_entry_slimehenge
Lair:8:   minmay_lair_end_enchanted_forest, columned_hall_lemuel
Shoals:1: yaktaur_hedge, uniq_nikola
Shoals:2: nicolae_shoals_kraken_intersection
Shoals:3: cheibrodos_shoals_roost, lightli_airlock, uniq_roxanne
Shoals:4: shoals_end_hangedman, shoals_ilsuiw_ice,
          nicolae_shoals_aquamancer_cove
Spider:1: nicolae_spider_hall_of_the_moth_king, uniq_kirke
Spider:4: guppyfry_spider_rune
Slime:3:  cheibrodos_slime_lost_civilization_7
Slime:5:  uniq_dissolution
Orc:1:    enter_bailey_2, lightli_orcish_oven, uniq_erica
Orc:2:    grunt_orc_tribal_feast, portal_ice_cave_entry_ice_beasts,
          lab_entry_generic, uniq_sonja, uniq_rupert
Lab:      labyrinth_green, nicolae_lab_statue, nicolae_lab_stuck,
          nicolae_lab_blocks
Sewer:    sewer_minmay_w
Bailey:   bailey_axe_bossmonster_kennysheep, bailey
IceCv:    ice_cave_small_demon
Volcano:  volcano_village

Action                   |  1- 3 |  4- 6 |  7- 9 | 10-12 | 13-15 | 16-18 || total
-------------------------+-------+-------+-------+-------+-------+-------++-------
Melee: Unarmed           |     8 |       |       |       |       |       ||     8
       War axe           |    43 |   221 |   300 |   284 |       |       ||   848
       Battleaxe         |       |       |       |    80 |       |       ||    80
       Executioner's axe |       |       |       |   141 |   936 |   276 ||  1353
       Broad axe         |       |       |       |       |     9 |       ||     9
Throw: Throwing net      |     3 |     9 |     2 |     2 |     1 |       ||    17
       Tomahawk          |       |       |       |    14 |       |       ||    14
 Cast: Regeneration      |       |       |       |       |    11 |    35 ||    46
       Spectral Weapon   |       |       |       |       |     1 |     6 ||     7
       Cure Poison       |       |       |       |       |       |     5 ||     5
Invok: Lesser Servant of |       |       |     2 |    21 |    16 |    15 ||    54
       Major Destruction |       |       |       |     5 |       |       ||     5
       Minor Destruction |       |       |       |    15 |    14 |    21 ||    50
       Greater Servant o |       |       |       |     1 |       |     4 ||     5
 Abil: Evoke Teleportati |       |       |       |     1 |     4 |       ||     5
       Evoke Berserk Rag |       |       |       |       |     5 |     4 ||     9
Evoke: Wand              |       |       |    11 |    13 |     5 |     5 ||    34
       Deck              |       |       |       |       |     6 |     2 ||     8
       Box of beasts     |       |       |       |       |       |     1 ||     1
  Use: Scroll            |       |     3 |     6 |    25 |    16 |     2 ||    52
       Potion            |       |     1 |     6 |    16 |     3 |    10 ||    36
 Stab: Confused          |     1 |       |       |     1 |       |       ||     2
       Held in net/web   |       |     2 |     3 |       |     3 |       ||     8
       Invisible         |       |       |       |    10 |       |       ||    10
       Distracted        |       |       |       |     4 |     3 |     3 ||    10
  Eat: Pizza             |       |     1 |       |       |       |       ||     1
       Chunk             |       |     2 |     5 |     9 |    19 |     4 ||    39
       Fruit             |       |       |     1 |     2 |     3 |    24 ||    30
       Beef jerky        |       |       |     1 |     1 |     1 |       ||     3
       Royal jelly       |       |       |       |     2 |       |       ||     2
       Meat ration       |       |       |       |     1 |       |       ||     1
